 Dungeon Crawl Stone Soup version 0.28-a0-1415-g7c84da036a (webtiles) character file.

Game seed: 14780536162549018923

46 kae the Changer (level 3, -4/28 HPs)
             Began as a Draconian Transmuter on Jan 7, 2022.
             Slain by Sigmund (15 damage)
             ... on level 2 of the Dungeon.
             The game lasted 00:00:48 (1902 turns).

kae the Changer (Draconian Transmuter)              Turns: 1902, Time: 00:00:48

Health: -4/28      AC:  2    Str: 12    XL:     3   Next: 46%
Magic:  3/6        EV: 19    Int: 15    God:
Gold:   46         SH:  0    Dex: 16    Spells: 3/7 levels left

rFire   . . .      SeeInvis .     - Unarmed
rCold   . . .      Faith    .   (shield currently unavailable)
rNeg    . . .      Spirit   .   (armour unavailable)
rPois   x          Reflect  .   (helmet currently unavailable)
rElec   .          Harm     .   (cloak currently unavailable)
rCorr   .          Rampage  .   (gloves currently unavailable)
Will    .....                   (boots currently unavailable)
Stlth   +.........              (no amulet)
HPRegen 0.09/turn               (no ring)
MPRegen 0.10/turn               (no ring)

@: spider-form (expiring)
A: venomous fangs, AC +5, tiny, unfitting armour, (cold-blooded)
a: End Transformation


You were on level 2 of the Dungeon.
You were a venomous arachnid creature.
You visited 1 branch of the dungeon, and saw 2 of its levels.

You collected 46 gold pieces.

Inventory:

Jewellery
 c - an amulet of guardian spirit
Scrolls
 d - a scroll of teleportation {unknown}
 e - a scroll of identify {unknown}
Potions
 a - a potion of magic {unknown}
 b - a potion of curing {unknown}
 f - a potion of heal wounds


   Skills:
 - Level 1.1 Fighting
 - Level 1.7 Dodging
 - Level 3.0 Unarmed Combat
 + Level 2.5 Spellcasting
 * Level 3.3 Transmutations
 * Level 0.4 Poison Magic


You had 3 spell levels left.
You knew the following spells:

 Your Spells              Type           Power      Damage    Failure   Level
a - Beastly Appendage     Tmut           22%        N/A       16%         1
b - Spider Form           Tmut/Pois      7%         N/A       50%         3

Your spell library contained the following spells:

 Spells                   Type           Power      Damage    Failure   Level
 Wereblood                Tmut           11%        N/A       22%         2
 Ice Form                 Ice/Tmut       6%         N/A       87%         4


Dungeon Overview and Level Annotations

Branches:
Dungeon (2/15)

Altars:

Annotations:
D:2 Sigmund


Innate Abilities, Weirdness & Mutations

You are a venomous arachnid creature.
You have poisonous fangs.
You are tiny and dextrous.
Your spellcasting is less reliable in this form.
Your armour is entirely melded.
You are incapable of wielding weapons or throwing items.
((Your plain brown scales are hard. (AC +5)))
You cannot fit into any form of body armour.
((You are cold-blooded and may be slowed by cold attacks.))


Message History

No target in view!
No target in view!
Your transformation is almost over.
Your horns disappear.
Your talons disappear.
You open the door.
Sigmund the Dreaded comes into view.
He is wielding a +3 scythe of freezing.
Sigmund shouts!
Sigmund mumbles some strange words.
Sigmund flickers and vanishes!
Deactivating autopickup; reactivate with Ctrl-A.
Found 21 arrows, a potion of heal wounds and 17 gold pieces.
Found an escape hatch in the floor.
No target in view!
No target in view!
There is a strange disturbance nearby!
There is a strange disturbance nearby!
No target in view!
No target in view!
There is a strange disturbance nearby!
No target in view!
No target in view!
You close the door.
Casting: Beastly Appendage (safe; 5% risk of failure)
Confirm with . or Enter, or press ? or * to list all spells.
The spell is extremely dangerous to miscast (28% risk of failure)!
Continue anyway? [Y]es or [N]o only, please.
The spell is extremely dangerous to miscast (28% risk of failure)!
Continue anyway?
You turn into a venomous arachnid creature.
You start resting.
Something unseen breaks down the door.
Something hits you!
Ouch! That really hurt!
Something freezes you.
There is a broken door here.
You closely miss something. You closely miss something.
Your transformation is almost over.
Something hits you!
Ouch! That really hurt!
You die...

#.### .# #.#.## ##.......##
####....####.........#
...........+.>.....$.+
##......####.........#
#.#.#.## #.(....!# #.#.#.#
#.....# #.#.#.# #...#
#.#.#.# #s# ... #.#.#.# #.#
#.# #.#.#.#########.# #.#
#.............#.#########.#
###.##.#...##..........##.#
#........##.....####.##.#
####.#...##....## #.##.#
#.##.###...######.##.#
#.##.................#


There were no monsters in sight!

Vanquished Creatures
  A gnoll (D:1)
  An adder (D:2)
  2 ball pythons (D:1)
  2 endoplasms
  3 goblins
  4 hobgoblins (D:1)
  A quokka (D:1)
  7 bats
  2 frilled lizards
  2 kobolds (D:1)
  2 rats (D:1)
27 creatures vanquished.

Notes
Turn   | Place    | Note
-------+----------+-------------------------------------------
     0 | D:1      | kae the Draconian Transmuter began the quest for the Orb.
     0 | D:1      | Reached XP level 1. HP: 16/16 MP: 3/3
   376 | D:1      | Reached XP level 2. HP: 21/23 MP: 3/5
  1007 | D:1      | Reached XP level 3. HP: 28/28 MP: 4/6
  1312 | D:2      | Learned a level 3 spell: Spider Form
  1895 | D:2      | Noticed Sigmund
  1902 | D:2      | Slain by Sigmund

Illustrated notes

Levels and vault maps discovered:
D:1:      minmay_arrival_open_corners, layout_rooms, serial_co_window_serial,
          co_window_paths_b, co_window_corner_a, co_window_paths_b,
          co_window_corner_a, co_window_paths_a, co_window_of_opportunity_b,
          co_window_corner_ca, co_window_broadway_c, co_window_paths_e,
          glass_columns_b, glass_columns_a, glass_columns_c
D:2:      layout_loops_corners, dilly_ecumenical_altar_fadedgnrine,
          nicolae_concentric_dashed_squares_mild, uniq_natasha, uniq_sigmund

Skill      XL: |  1  2 |
---------------+-------+-----
Transmutations | 3 |  3.3
Fighting       | |  1.1
Dodging        | |  1.7
Unarmed Combat | |  3.0
Spellcasting   | |  2.5
Poison Magic   | |  0.4

Action                   || total
-------------------------++-------
Melee: Unarmed           ||   105
       Tailslap          ||     9
       Kick              ||    16
       Punch             ||     1
       Headbutt          ||     7
 Cast: Beastly Appendage ||    20
       Spider Form       ||     1
  Use: Potion            ||     1
Armor: Skin              ||    48
Dodge: Dodged            ||   105

Table legend: (Time is in decaauts)
 A = Elapsed time spent in this place.
 B = Non-inter-level travel time spent in this place.
 C = Inter-level travel time spent in this place.
 D = Time resting spent in this place.
 E = Time spent auto-exploring this place.
 F = Levels seen in this place.
 G = Mean time per level.
                   A        B        C        D        E       F      G
               +--------+--------+--------+--------+--------+-----+--------+
         Total |   1896 |   1863 |     33 |      2 |   1616 |   2 |  948.0 |
       Dungeon |   1896 |   1863 |     33 |      2 |   1616 |   2 |  948.0 |
               +--------+--------+--------+--------+--------+-----+--------+

Top non-repeatable levels by time:
     D:1: 1292 daAuts
     D:2: 604 daAuts
